 Dungeon Crawl Stone Soup version 0.29-a0-1014-ga8c0faee3b (webtiles) character file.

Game seed: 6822097211739317957

107 LucemDeus the Ruffian (level 4, -2/45 HPs)
             Began as a Troll Berserker on Aug 9, 2022.
             Was a Believer of Trog.
             Succumbed to a kobold's poison
             ... on level 3 of the Dungeon.
             The game lasted 00:15:58 (1772 turns).

LucemDeus the Ruffian (Troll Berserker)             Turns: 1772, Time: 00:15:59

Health: -2/45      AC:  4    Str: 27    XL:     4   Next: 56%
Magic:  3/3        EV: 10    Int:  3    God:    Trog [**....]
Gold:   86         SH:  0    Dex:  9    Spells: 3/3 levels left

rFire   . . .      SeeInvis .     - Unarmed
rCold   . . .      Faith    .   (no shield)
rNeg    . . .      Spirit   .   a - +0 animal skin
rPois   .          Reflect  .   (helmet restricted)
rElec   .          Harm     .   (no cloak)
rCorr   .          Rampage  .   (gloves unavailable)
Will    .....                   (boots unavailable)
Stlth   +.........              (no amulet)
HPRegen 0.95/turn               (no ring)
MPRegen 0.08/turn               (no ring)

@: lethally poisoned (-2 -> -26)
A: large, unfitting armour, claws 3, regeneration 1, shaggy fur 1, tough skin 1
a: Renounce Religion, Berserk, Trog's Hand


You were on level 3 of the Dungeon.
You worshipped Trog.
Trog was pleased with you.
You visited 1 branch of the dungeon, and saw 3 of its levels.

You collected 86 gold pieces.

Inventory:

Hand Weapons
 c - a +0 dagger
Missiles
 f - 6 atropa-tipped darts (quivered)
Armour
 a - a +0 animal skin (worn)
Jewellery
 i - an amulet of faith
Scrolls
 d - a scroll of enchant armour {unknown}
Potions
 b - a potion of mutation {unknown}
 e - a potion of might {unknown}
 g - a potion of curing {unknown}
 h - 2 potions of degeneration {unknown}


   Skills:
 + Level 3.2 Fighting
 + Level 3.2 Dodging
 + Level 3.9 Unarmed Combat


You had 3 spell levels left.
You didn't know any spells.
Your spell library was empty.

Dungeon Overview and Level Annotations

Branches:
Dungeon (3/15)

Altars:
Trog


Innate Abilities, Weirdness & Mutations

You are too large for most types of armour.
You have claws for hands.
Your natural rate of healing is unusually fast.
You are covered in fur. (AC +1)
You have tough skin. (AC +1)


Message History

You are more poisoned.
You scratch the kobold.
The kobold is moderately wounded.
You feel sick.
The kobold hits you with a +1 dagger of venom.
You are more poisoned.
You closely miss the kobold.
The kobold is moderately wounded.
You feel very sick. The kobold hits you but does no damage.
You are more poisoned.
You scratch the kobold but do no damage.
The kobold is moderately wounded.
You feel very sick.
The kobold hits you with a +1 dagger of venom.
You scratch the kobold.
The kobold is severely wounded.
You feel very sick. The kobold barely misses you.
You barely miss the kobold.
The kobold is severely wounded.
You feel very sick.
The kobold hits you with a +1 dagger of venom.
You are lethally poisoned!
You closely miss the kobold.
The kobold is severely wounded.
* * * LOW HITPOINT WARNING * * *
You feel very sick.
The kobold hits you with a +1 dagger of venom.
* * * LOW HITPOINT WARNING * * *
You are more poisoned.
You closely miss the kobold.
The kobold is severely wounded.
* * * LOW HITPOINT WARNING * * *
You feel very sick. The kobold hits you but does no damage.
You are more poisoned.
You barely miss the kobold.
The kobold is severely wounded.
You die...

......... #####
##.......##
....#
#.........#
....#
#.........# ###
....#
#.........#...#
....#
#...[..........
....#
#..............
....##
#...).@......!
.....#
##.....K......
####.##
#.##.........
#..###
##.###...#....
##...###..#
##### ###
###.....##
####..# #..#
####


You could see a kobold.

Vanquished Creatures
  3 adders (D:2)
  5 worms (D:2)
  4 dart slugs
  An orc (D:3)
  4 endoplasms
  3 giant cockroaches
  5 goblins
  2 hobgoblins (D:2)
  6 jackals
  A quokka (D:2)
  4 ball pythons
  5 bats
  4 frilled lizards
  5 kobolds
  4 rats
56 creatures vanquished.

Notes
Turn   | Place    | Note
-------+----------+-------------------------------------------
     0 | D:1      | LucemDeus the Troll Berserker began the quest for the Orb.
     0 | D:1      | Reached XP level 1. HP: 22/22 MP: 0/0
    76 | D:1      | Reached XP level 2. HP: 24/29 MP: 1/1
  1007 | D:2      | Reached XP level 3. HP: 31/36 MP: 2/2
  1132 | D:2      | Reached ** piety under Trog
  1244 | D:2      | Found a bloodstained altar of Trog.
  1519 | D:2      | Reached XP level 4. HP: 45/45 MP: 3/3
  1772 | D:3      | Succumbed to a kobold's poison

Illustrated notes

Levels and vault maps discovered:
D:1:      grunt_arrival_crossed_arrows, layout_basic, minmay_misc_feat_iff
D:2:      minmay_razor_zed, layout_basic, basic_altar
D:3:      layout_rooms, minmay_snake_closets

Skill      XL: |  1  2  3 |
---------------+----------+-----
Fighting       | 3 |  3.2
Dodging        | 3 |  3.2
Unarmed Combat | |  3.9

Action                   |  1- 3 |  4- 6 || total
-------------------------+-------+-------++-------
Melee: Unarmed           |   109 |    43 ||   152
       Punch             |     1 |     1 ||     2
  Use: Scroll            |     1 |       ||     1
 Stab: Sleeping          |       |     1 ||     1
Armor: Animal skin       |    49 |    14 ||    63
Dodge: Dodged            |    58 |    15 ||    73

Table legend: (Time is in decaauts)
 A = Elapsed time spent in this place.
 B = Non-inter-level travel time spent in this place.
 C = Inter-level travel time spent in this place.
 D = Time resting spent in this place.
 E = Time spent auto-exploring this place.
 F = Levels seen in this place.
 G = Mean time per level.
                   A        B        C        D        E       F      G
               +--------+--------+--------+--------+--------+-----+--------+
         Total |   1762 |   1744 |     18 |    300 |    778 |   3 |  587.3 |
       Dungeon |   1762 |   1744 |     18 |    300 |    778 |   3 |  587.3 |
               +--------+--------+--------+--------+--------+-----+--------+

Top non-repeatable levels by time:
     D:1: 884 daAuts
     D:2: 758 daAuts
     D:3: 119 daAuts
